 Dungeon Crawl Stone Soup version 0.22.1-1-ga44c0e5 (webtiles) character file.

53 Starchild the Shield-Bearer (level 4, 0/35 HPs)
             Began as a Formicid Fighter on Oct 8, 2018.
             Succumbed to an adder's poison
             ... on level 2 of the Dungeon.
             The game lasted 00:04:14 (1014 turns).

Starchild the Shield-Bearer (Formicid Fighter)      Turns: 1014, Time: 00:04:15

Health: 0/35       AC:  6    Str: 20    XL:     4   Next: 10%
Magic:  4/4        EV:  8    Int:  8    God:
Gold:   106        SH:  9    Dex: 11    Spells: 3/3 levels left

rFire    . . .     SeeInvis +   a - +0 long sword
rCold    . . .     Gourm    .   c - +0 shield
rNeg     . . .     Faith    .   b - +0 scale mail
rPois    .         Spirit   .   (helmet unavailable)
rElec    .         Reflect  .   (no cloak)
rCorr    .         Harm     .   (no gloves)
MR       .....                  (no boots)
Stlth    ..........             (no amulet)
HPRegen  0.11/turn              (no ring)
MPRegen  0.09/turn              (no ring)

@: lethally poisoned (0 -> -1)
A: permanent stasis, dig shafts and tunnels, four strong arms, antennae 3,
hooves 1, blurry vision 1
a: Dig, Shaft Self


You were on level 2 of the Dungeon.
You were not hungry.

You visited 1 branch of the dungeon, and saw 2 of its levels.

You collected 106 gold pieces.

Inventory:

Hand Weapons
 a - a +0 long sword (weapon)
Missiles
 e - 17 sling bullets
 h - 128 stones (quivered)
Armour
 b - a +0 scale mail (worn)
 c - a +0 shield (worn)
Scrolls
 m - a scroll of noise
Potions
 d - a potion of might
Comestibles
 f - 9 rations


   Skills:
 - Level 3.2 Fighting
 * Level 3.6 Long Blades
 - Level 3.2 Armour
 - Level 4.2 Shields


You had 3 spell levels left.
You didn't know any spells.
Your spell library was empty.

Dungeon Overview and Level Annotations

Branches:
Dungeon (2/15)

Altars:
Ru


Innate Abilities, Weirdness & Mutations

You cannot be hasted, slowed, berserked, paralysed or teleported.
You can dig through walls and to a lower floor.
Your four strong arms can wield two-handed weapons with a shield.
You have a pair of large antennae on your head. (SInv)
You have large cloven feet.
Scrolls take you a little longer to read.


Message History

As you read the scroll labeled USAVVU CUWOAZ, it crumbles to dust.
It is a scroll of identify.
m - a scroll of noise You begin reading the scroll.
You continue reading the scroll.
* * * LOW HITPOINT WARNING * * *
You feel sick.
As you read the scroll labeled MUCZESTUNWE, it crumbles to dust.
You feel a strange sense of stasis.
It was a scroll of teleportation.
There is a lethal amount of poison in your body!
There is a lethal amount of poison in your body!
There is a lethal amount of poison in your body!
There is a lethal amount of poison in your body!
There is a lethal amount of poison in your body!
No other missiles available.
Use F to throw any item.
You see here an adder corpse.
You see here 2 stones.
You see here an adder corpse.
* * * LOW HITPOINT WARNING * * *
You feel sick.
You die...

#......(# #.#
#.# #(# #†#
#.# #.#
###########.#
#........@..#
#.###########
########.#
.........#
####.#####
####..#
......#
.###..# .#
#..#


There were no monsters in sight!

Vanquished Creatures
  2 adders (D:2)
  An ooze (D:1)
  A worm (D:2)
  A dart slug (D:1)
  2 leopard geckos (D:1)
  A ball python (D:1)
  4 goblins
  2 jackals (D:2)
  3 bats (D:2)
  2 frilled lizards (D:1)
  2 kobolds
  5 rats
26 creatures vanquished.

Notes
Turn   | Place    | Note
-------+----------+-------------------------------------------
     0 | D:1      | Starchild the Formicid Fighter began the quest for the Orb.
     0 | D:1      | Reached XP level 1. HP: 18/18 MP: 1/1
    78 | D:1      | Reached XP level 2. HP: 17/24 MP: 2/2
    82 | D:1      | Reached skill level 4 in Shields
   579 | D:1      | Reached XP level 3. HP: 29/29 MP: 3/3
   913 | D:2      | Found a sacrificial altar of Ru.
   988 | D:2      | Gained mutation: Scrolls take you a little longer to read.
                  | [potion of mutation]
   988 | D:2      | Gained mutation: You have large cloven feet. [potion of
                  | mutation]
   990 | D:2      | Reached XP level 4. HP: 6/35 MP: 4/4
  1010 | D:2      | HP: 1/35 [poisoned by an adder]
  1014 | D:2      | Succumbed to an adder's poison

Skill      XL: |  1  2  3 |
---------------+----------+-----
Shields        | 4 |  4.2
Long Blades    | 3 |  3.6
Fighting       | |  3.2
Armour         | |  3.2

Action                   |  1- 3 |  4- 6 || total
-------------------------+-------+-------++-------
Melee: Long sword        |    82 |     3 ||    85
       Kick              |     1 |     2 ||     3
Throw: Stone             |     5 |     1 ||     6
  Use: Potion            |     1 |       ||     1
       Scroll            |       |     6 ||     6
Armor: Scale mail        |    29 |     1 ||    30
Dodge: Dodged            |    27 |       ||    27
Block: Shield            |    43 |     2 ||    45
       Rpst.: Long sword |     7 |       ||     7
